AoeStats
← NarcoTeletubie

Oasis

509165309Analyzed
2v2 RM · 8d ago on Sep 25, 2026· 45m 2s· 4 players
Game mode
Random Map
Map size
Medium (4 player)
Population
200
Speed
Normal
Resources
Standard
Victory
Conquest
Starting age
Dark Age
Ending age
Imperial Age
RankedLock teamsTeams togetherTeam positionsShared explorationLock speedFull tech treeHidden civsTurbo modeCheats
Victory
Defeat
🇩🇪 Romans · Germany
1132
+13
🇩🇪 Britons · Germany
1057
+17
🇺🇾 Vikings · Uruguay
1098
-16
🇺🇾 Celts · Uruguay
1047
-14
Focanegra11
5:49 Loom
9:42 Feudal Age
10:13 Double-Bit Axe
10:17 Horse Collar
13:23 Fletching
17:57 Castle Age
17:12 Forging
17:24 Man-at-Arms
18:03 Gold Mining
18:03 Arson
18:02 Elite Skirmisher
19:00 Squires
21:39 Bodkin Arrow
22:59 Scale Mail Armor
23:29 Long Swordsman
28:35 Scale Barding Armor
29:29 Ballistics
31:11 Heavy Plow
31:16 Elite Skirmisher
36:09 Imperial Age
35:19 Gold Shaft Mining
34:18 Light Cavalry
35:36 Iron Casting
36:01 Bow Saw
36:13 Two-Handed Swordsman
38:21 Blast Furnace
37:46 Champion
39:49 Chain Barding Armor
40:41 Padded Archer Armor
42:18 Chemistry
43:09 Conscription
44:35 Leather Archer Armor
NarcoTeletubie
11:38 Feudal Age
11:27 Loom
12:05 Man-at-Arms
15:04 Arson
16:58 Scale Mail Armor
17:40 Horse Collar
17:54 Gold Mining
19:01 Fletching
19:16 Padded Archer Armor
19:35 Double-Bit Axe
26:06 Castle Age
26:50 Wheelbarrow
27:33 Elite Skirmisher
28:15 Bodkin Arrow
28:36 Leather Archer Armor
28:37 Chain Mail Armor
29:10 Bow Saw
32:04 Heavy Plow
32:01 Stone Mining
31:36 Pikeman
36:04 Gold Shaft Mining
36:25 Murder Holes
36:37 Long Swordsman
37:02 Gambesons
45:37 Imperial Age
Trob
1:41 Loom
10:19 Feudal Age
11:51 Double-Bit Axe
18:39 Castle Age
17:00 Scale Mail Armor
16:52 Man-at-Arms
18:24 Horse Collar
18:56 Forging
18:57 Long Swordsman
21:36 Chain Mail Armor
23:37 Town Watch
34:56 Imperial Age
33:09 Gold Mining
33:37 Squires
35:43 Gold Shaft Mining
35:10 Capped Ram
36:40 Wheelbarrow
37:09 Ballistics
37:23 Pikeman
39:16 Heavy Scorpion
39:55 Siege Ram
42:45 Fletching
44:42 Ballistas
45:55 Chemistry
Lokomothilo
9:35 Feudal Age
7:51 Loom
10:09 Double-Bit Axe
10:57 Horse Collar
18:15 Castle Age
18:42 Stone Mining
19:53 Forging
20:33 Padded Archer Armor
22:54 Wheelbarrow
22:25 Crossbowman
23:04 Fletching
24:18 Heavy Plow
25:16 Bow Saw
27:24 Town Watch
29:04 Gold Mining
32:43 Imperial Age
31:36 Hand Cart
32:31 Leather Archer Armor
32:53 Iron Casting
33:07 Gold Shaft Mining
33:13 Town Patrol
33:58 Ballistics
34:39 Chemistry
34:09 Conscription
33:57 Pikeman
34:38 Squires
36:55 Two-Man Saw
35:58 Murder Holes
36:13 Fortified Wall
36:59 Yeomen
37:05 Treadmill Crane
41:49 Warwolf
43:04 Blast Furnace
42:00 Bodkin Arrow
42:35 Ring Archer Armor
42:06 Scale Mail Armor
41:44 Heavy Scorpion
41:57 Elite Longbowman
43:08 Masonry
43:30 Halberdier
43:56 Arson
44:42 Capped Ram
Connection lost

Rejoining the realm…

Still unreachable

The connection could not be restored.

Session expired

The server has moved on; the page needs a fresh start.